Map: Frozen Temple

Players

Valkyrie - Winner!

  • Race: Zerg Zerg
  • League: Platinum

Nickos

  • Race: Terran Terran
  • League: Gold

VOD

Have the link to the VOD?

Description

Time

  • Played on: Sept. 29, 2016, 2:52 a.m.
  • Length: 8:06
Show
View Real Time Build Order
Export as new Build Order

Valkyrie Zerg - Winner!

Build Orders: Pool First 

Get SALT Encoding   

  12  0:01  Drone  
  13  0:07  Drone  
  14  0:27  Spawning Pool  
  13  0:29  Drone  
  14  0:39  Overlord  
  14  0:54  Extractor  
  14  0:55  Drone  
  14  1:14  Queen, Zergling x6  
  19  1:25  Zergling x2  
  20  1:36  Zergling x2  
  21  1:46  Drone  
  22  1:54  Hatchery  
  22  1:58  Metabolic Boost  
  21  2:07  Evolution Chamber  
  20  2:23  Drone x2  
  20  2:25  Overlord  
  23  2:44  Drone  
  23  2:45  Drone x2  
  25  2:53  Drone  
  25  2:57  Queen  
  27  3:29  Drone  
  27  3:30  Drone x6  
  33  3:42  Drone x2  
  33  3:48  Queen  
  36  3:50  Drone  
  35  3:56  Extractor  
  35  3:58  Drone  
  35  4:05  Zerg Melee Weapons Level 1  
  35  4:10  Drone  
  35  4:12  Overlord  
  35  4:14  Overlord  
  36  4:18  Spore Crawler  
  36  4:21  Spore Crawler  
  34  4:28  Drone x2  
  34  4:31  Drone x3  
  39  4:35  Zergling x2  
  40  4:43  Drone  
  41  4:53  Zergling x8  
  41  4:59  Drone x2  
  47  5:01  Baneling Nest  
  47  5:03  Hatchery  
  45  5:12  Extractor  
  44  5:14  Zergling x2  
  44  5:15  Zergling x2  
  44  5:16  Drone x4  
  44  5:17  Evolution Chamber  
  44  5:19  Overlord  
  49  5:40  Overlord x2  
  49  5:43  Lair  
  49  5:51  Drone  
  49  5:52  Drone x2  
  49  5:54  Baneling x2  
  49  5:55  Baneling x7  
  49  5:56  Zerg Ground Armor Level 1  
  52  6:09  Drone  
  53  6:19  Zergling x10  
  53  6:20  Drone x2  
  53  6:21  Drone x4  
  64  6:28  Drone  
  64  6:29  Drone x3  
  68  6:37  Queen  
  70  6:42  Baneling x3  
  70  6:45  Overseer  
  70  6:46  Overseer, Hydralisk Den  
  69  6:49  Zergling x8  
  69  6:53  Spore Crawler  
  72  6:55  Spine Crawler  
  72  6:56  Drone x2  
  73  7:08  Drone x3  
  73  7:09  Drone x3  
  73  7:10  Overlord x2  
  79  7:22  Zergling x6  
  82  7:25  Overlord  
  82  7:39  Hydralisk  
  82  7:40  Hydralisk x4, Extractor  
  82  7:41  Overlord x2  
Show
View Real Time Build Order
Export as new Build Order

Nickos Terran 

Build Orders: MMM Bio 

Get SALT Encoding   

  12  0:01  SCV  
  13  0:13  SCV  
  14  0:18  Supply Depot  
  14  0:25  SCV  
  15  0:40  SCV  
  15  0:41  Barracks  
  16  0:52  SCV  
  18  1:04  SCV  
  18  1:16  SCV  
  19  1:22  Command Center  
  19  1:31  Orbital Command  
  19  1:34  Marine  
  20  1:44  Barracks  
  20  1:46  Supply Depot  
  20  1:54  Marine  
  20  1:55  Bunker  
  21  2:09  SCV  
  21  2:10  Bunker  
  21  2:12  Marine  
  21  2:21  Refinery  
  21  2:22  SCV  
  22  2:30  Barracks, Marine  
  22  2:32  Marine  
  22  2:34  SCV  
  25  2:46  SCV  
  25  2:48  Marine  
  27  2:58  SCV, Marine  
  28  3:05  Supply Depot  
  29  3:06  Marine  
  29  3:10  SCV  
  30  3:14  Refinery  
  30  3:16  Marine  
  30  3:24  Marine x2  
  26  3:33  Marine  
  25  3:41  Marine  
  25  3:42  Marine  
  25  3:51  Marine  
  22  3:59  Marine x2  
  24  4:09  Marine  
  25  4:17  Marine  
  25  4:21  Barracks Tech Lab  
  26  4:34  Barracks Tech Lab  
  26  4:40  SCV  
  26  4:43  Marauder  
  29  4:51  Barracks Reactor  
  29  4:52  SCV  
  30  4:55  Command Center  
  30  5:01  Supply Depot  
  30  5:23  Marauder x2  
  30  5:27  Marine  
  35  5:30  Supply Depot  
  35  5:33  Combat Shields  
  35  5:38  Marine  
  36  5:49  Supply Depot  
  36  5:58  Stimpack  
  36  6:00  SCV  
  37  6:05  Marine x2  
  37  6:06  Marine  
  40  6:14  Supply Depot  
  40  6:24  SCV  
  41  6:36  SCV  
  41  6:38  Supply Depot  
  42  6:41  Marauder  
  42  6:42  Marauder  
  46  6:48  Orbital Command  
  46  6:49  Marine x2  
  48  6:57  Engineering Bay  
  48  7:02  Marine, Marauder  
  50  7:10  Orbital Command  
  50  7:15  Marine x2  
  50  7:21  Marauder  
  54  7:23  Marauder  
  54  7:29  Bunker  
  56  7:33  Marine x2  
  58  7:42  Marine  
  59  7:45  Marauder  
Tags
 
Composition
MMM Bio
Matchup
TvZ
Opening
Pool First
Replay Pack
Nickos replay
Add a new tag
Caveats
  • Supply blocks, unpowered buildings, or Contaminate may cause inaccurate times.
  • Supply counts are checked every 10 seconds.